 Dungeon Crawl Stone Soup version 0.27.0-1-g7a089689b8 (webtiles) character file.

Game seed: 5363432702914315597

112 Leeroy the Slasher (level 4, 0/34 HPs)
             Began as a Barachi Warper on Aug 3, 2021.
             Killed from afar by a charred statue (6 damage)
             ... with a puff of flame
             ... on level 3 of the Dungeon.
             The game lasted 00:03:02 (2684 turns).

Leeroy the Slasher (Barachi Warper)                 Turns: 2684, Time: 00:03:02

Health: 0/34       AC:  5    Str: 13    XL:     4   Next: 95%
Magic:  7/7        EV: 10    Int: 14    God:
Gold:   147        SH:  0    Dex: 11    Spells: 2/7 levels left

rFire    . . .     SeeInvis .   j - +0 long sword
rCold    . . .     Faith    .   (no shield)
rNeg     . . .     Spirit   .   n - +0 ring mail
rPois    .         Reflect  .   (no helmet)
rElec    .         Harm     .   (no cloak)
rCorr    .         Rampage  .   (no gloves)
Will     .....                  (no boots)
Stlth    +.........             (no amulet)
HPRegen  0.11/turn              (no ring)
MPRegen  0.10/turn              (no ring)

@: slow
A: amphibious, slowness 1, strong legs 1, +LOS
a: Hop


You were on level 3 of the Dungeon.
You visited 1 branch of the dungeon, and saw 3 of its levels.

You collected 147 gold pieces.

Inventory:

Hand Weapons
 a - a +1 falchion
 h - a +2 dagger of draining
 j - a +0 long sword (weapon)
 o - a +0 short sword
Missiles
 d - 5 boomerangs of dispersal (quivered)
Armour
 b - a +0 leather armour
 n - a +0 ring mail (worn)
 p - a +0 leather armour of positive energy
Magical Staves
 e - a staff of poison
Jewellery
 i - an amulet of faith
Scrolls
 c - a scroll of blinking
 k - a scroll of fog {unknown}
Potions
 f - a potion of haste {unknown}
 g - a potion of cancellation {unknown}
 l - 2 potions of might {unknown}
 m - a potion of lignification {unknown}


   Skills:
 - Level 2.4 Fighting
 + Level 6.0 Long Blades
 - Level 1.0 Throwing
 - Level 1.2 Armour
 - Level 2.1 Dodging
 - Level 2.1 Spellcasting
 - Level 3.2 Translocations


You had 2 spell levels left.
You knew the following spells:

 Your Spells              Type           Power      Damage    Failure   Level
a - Blink                 Tloc           N/A        N/A       19%         2
b - Teleport Other        Tloc           10%        N/A       36%         3

Your spell library contained the following spells:

 Spells                   Type           Power      Damage    Failure   Level
 Gell's Gravitas          Tloc           5%         N/A       36%         3
 Lesser Beckoning         Tloc           5%         N/A       36%         3
 Manifold Assault         Tloc           10%        N/A       98%         5


Dungeon Overview and Level Annotations

Branches:
Dungeon (3/15)

Altars:
Vehumet

Annotations:
D:3 exclusion: statue


Innate Abilities, Weirdness & Mutations

You are amphibious.
You cover ground slowly.
You can hop short distances.
You have an extended range of vision and can be seen from far away.


Message History

Marking area around a statue as unsafe for travelling.
Found a radiant altar of Vehumet.
Press: ? - help, v - describe, . - travel
Here: a charred statue The floor.
The charred statue gestures at you. The puff of flame misses you.
The charred statue gestures at you. The puff of flame hits you.
HP restored.
Really walk into a travel-excluded area? [Y]es or [N]o only, please.
Really walk into a travel-excluded area?
The charred statue gestures at you. The puff of flame misses you.
The charred statue gestures at you. The puff of flame hits you.
The charred statue gestures at you. The puff of flame hits you.
The charred statue gestures at you. The puff of flame hits you.
You hit the charred statue.
The charred statue is moderately damaged.
You hit the charred statue but do no damage.
The charred statue is moderately damaged.
You hit the charred statue but do no damage.
The charred statue is moderately damaged.
You hit the charred statue but do no damage.
The charred statue is lightly damaged.
The charred statue gestures at you. The puff of flame hits you!
* * * LOW HITPOINT WARNING * * *
You hit the charred statue.
The charred statue is heavily damaged.
The charred statue gestures at you. The puff of flame hits you.
* * * LOW HITPOINT WARNING * * *
The charred statue gestures at you. The puff of flame hits you.
You die...

>..# #.####.#
...# #.# #.#
#.## #.#
#.##### #.#
###.####.....#
#.#
#............#
#.#
#.#########..#
#.#
#.#.......#.##
#.#
#.#.8._.....#
#.#
#.#...@...#.#
#.#
#.#########.#
..#
#...........#
###
#....########
..# #...##
#.#########..##
#............#
############.#
#.#


You could see a charred statue.

Vanquished Creatures
  A phantom (D:3)
  A worm (D:3)
  A dart slug (D:3)
  An orc (D:3)
  3 bats
  3 endoplasms
  2 giant cockroaches (D:1)
  A goblin (D:2)
  4 hobgoblins
  3 ball pythons
  6 frilled lizards
  5 kobolds
  3 rats
34 creatures vanquished.

Notes
Turn   | Place    | Note
-------+----------+-------------------------------------------
     0 | D:1      | Leeroy the Barachi Warper began the quest for the Orb.
     0 | D:1      | Reached XP level 1. HP: 17/17 MP: 3/3
   153 | D:1      | Reached skill level 3 in Long Blades
   433 | D:1      | Reached XP level 2. HP: 17/23 MP: 5/5
   961 | D:2      | Reached skill level 4 in Long Blades
  1001 | D:2      | Found a faded altar of an unknown god.
  1264 | D:2      | Reached XP level 3. HP: 28/28 MP: 6/6
  1267 | D:2      | Learned a level 2 spell: Blink
  1271 | D:2      | Learned a level 3 spell: Teleport Other
  2370 | D:3      | Noticed a phantom
  2380 | D:3      | Killed a phantom
  2381 | D:3      | Reached skill level 6 in Long Blades
  2381 | D:3      | Reached XP level 4. HP: 18/34 MP: 7/7
  2648 | D:3      | Found a radiant altar of Vehumet.
  2648 | D:3      | Noticed a charred statue
  2684 | D:3      | Killed from afar by a charred statue

Illustrated notes

Levels and vault maps discovered:
D:1:      tarquinn_simple_flora_water_f, layout_basic, minmay_tetromino_t2
D:2:      layout_basic, shapermc_ecumenical_altar_mp_ritualfount,
          serial_aquarium, aquarium_bridge_straight [aquarium_subvault_bridge,
          aquarium_subvault_wall, aquarium_subvault_bridge,
          aquarium_subvault_window], aquarium_window_corner,
          aquarium_window_fake, aquarium_window_1, aquarium_window_1,
          aquarium_view_2d, aquarium_view_2a, aquarium_balcony_double_3
D:3:      layout_loops_ring, vehumet_statue, serial_shops, shop

Skill      XL: |  1  2  3 |
---------------+----------+-----
Long Blades    | 3 4 6 |  6.0
Fighting       | |  2.4
Throwing       | |  1.0
Armour         | |  1.2
Dodging        | |  2.1
Spellcasting   | |  2.1
Translocations | |  3.2

Action                   |  1- 3 |  4- 6 || total
-------------------------+-------+-------++-------
Melee: Falchion          |    11 |       ||    11
       Long sword        |    85 |     5 ||    90
 Cast: Blink             |     2 |       ||     2
 Abil: Hop               |     1 |       ||     1
  Use: Scroll            |     2 |       ||     2
 Stab: Sleeping          |     1 |       ||     1
Armor: Leather armour    |    20 |       ||    20
       Ring mail         |     7 |       ||     7
Dodge: Dodged            |    58 |     2 ||    60
       Rpst.: Falchion   |     4 |       ||     4
       Long sword        |    15 |       ||    15
